 Dungeon Crawl Stone Soup version 0.30-a0-808-g6e0788376e (webtiles) character file.

Game seed: 15532187499283824301

9634 bmack86 the Cleaver (level 11, -4/97 HPs)
             Began as a Minotaur Fighter on Feb 26, 2023.
             Was a High Priest of Okawaru.
             Slain by a troll (8 damage)
             ... on level 10 of the Dungeon.
             The game lasted 00:23:19 (8724 turns).

bmack86 the Cleaver (Minotaur Fighter)              Turns: 8724, Time: 00:23:19

Health: -4/97      AC: 22    Str: 32    XL:     11   Next: 25%
Magic:  13/13      EV: 15    Int:  5    God:    Okawaru [*****.]
Gold:   467        SH:  6    Dex: 10    Spells: 10/10 levels left

rFire   x . .      SeeInvis +    H - +4 hand axe
rCold   . . .      Faith    +    c - +0 buckler
rNeg    . . .      Spirit   .    V - +6 scale mail "Zeistenk" {rF- Str+7}
rPois   .          Reflect  .    (helmet restricted)
rElec   .          Harm     .    F - +0 cloak
rCorr   .          Rampage  .    r - +2 pair of gloves
Will    .....                    m - +2 pair of boots
Stlth   x                          - amulet of faith
HPRegen 0.36/turn                l - ring of see invisible
MPRegen 0.13/turn                M - +5 ring of evasion

@: lethally poisoned (-4 -> -7), slowed, very slow
A: horns 2, retaliatory headbutt
a: Renounce Religion, Heroism, Finesse, Duel


You were on level 10 of the Dungeon.
You worshipped Okawaru.
Okawaru was extremely pleased with you.
You visited 2 branches of the dungeon, and saw 11 of its levels.
You also visited: Ossuary.

You collected 467 gold pieces.

Inventory:

Hand Weapons
 a - a +0 war axe
 H - a +4 hand axe (weapon)
Missiles
 b - 17 poisoned darts
 q - 2 throwing nets
 v - 4 boomerangs (quivered)
Armour
 c - a +0 buckler (worn)
 m - a +2 pair of boots (worn)
 r - a +2 pair of gloves (worn)
 F - a +0 cloak (worn)
 V - the +6 scale mail "Zeistenk" (worn) {rF- Str+7}
   (You found it on level 8 of the Dungeon)

   Str:       It affects your strength (+7).
   rF:        It makes you vulnerable to fire.
Jewellery
 l - a ring of see invisible (left hand)
 o - a ring of protection from cold
 x - an amulet of faith (around neck)
 C - an amulet of magic regeneration
 D - a ring of protection from cold
 J - a ring of protection from cold
 L - a ring of protection from fire
 M - a +5 ring of evasion (right hand)
 R - an amulet of guardian spirit
 S - an amulet of the acrobat
Wands
 g - a wand of polymorph (8)
 G - a wand of flame (27)
 O - a wand of roots (11)
 Q - a wand of paralysis (9)
Scrolls
 n - 2 scrolls of blinking
 s - 2 scrolls of amnesia
 w - a scroll of fear
 A - 2 scrolls of teleportation
 I - 2 scrolls of fog
 N - 3 scrolls of enchant weapon
 P - 3 scrolls of silence
 T - a scroll of magic mapping
Potions
 d - 3 potions of might
 e - a potion of berserk rage {unknown}
 f - 5 potions of flight
 h - a potion of attraction {unknown}
 i - a potion of haste
 j - 4 potions of heal wounds
 k - 7 potions of curing
 p - 4 potions of brilliance
 t - 2 potions of magic
 B - a potion of invisibility {unknown}
 E - a potion of ambrosia {unknown}
 K - 2 potions of resistance {unknown}
 U - 2 potions of cancellation {unknown}


   Skills:
 + Level 9.3 Fighting
 * Level 12.1 Axes
 + Level 6.6 Throwing
 + Level 9.3 Armour
 + Level 9.2 Shields
 + Level 4.3 Invocations


You had 10 spell levels left.
You didn't know any spells.
Your spell library contained the following spells:

 Spells                   Type           Power      Damage    Failure   Level
 Ensorcelled Hibernation  Hex/Ice        0%         N/A       87%         2
 Ozocubu's Armour         Ice            0%         N/A       98%         3
 Spider Form              Tmut/Pois      0%         N/A       98%         3
 Anguish                  Hex/Necr       0%         N/A       100%        4
 Ozocubu's Refrigeration  Ice            0%         4d7       100%        7


Dungeon Overview and Level Annotations

Branches:
Dungeon (10/15)            Temple (1/1) D:7            Lair (0/5) D:8
    Orc (0/2) D:10        Ossuary (visited)

Altars:
Dithmenos
Elyvilon
Nemelex Xobeh
Okawaru
Qazlal
Uskayaw
Vehumet
Xom
The Shining One

Shops:
D:2 =

Annotations:
D:3 2 transporters, tarna41's ghost, amateur SpCj
D:10 Sonja


Innate Abilities, Weirdness & Mutations

You have a pair of horns on your head.
You reflexively headbutt those who attack you in melee.


Message History

The troll completely misses you. The troll misses you.
You block the troll's attack.
You feel much better.
You feel extremely sick. You block the troll's attack.
The troll claws you but does no damage. The troll claws you.
* * * LOW HITPOINT WARNING * * *
Okay, then.
You feel better.
Sonja throws a curare-tipped dart.
The curare-tipped dart hits you.
You are poisoned.
You have difficulty breathing.
* * * LOW HITPOINT WARNING * * *
You feel as though you will be slow longer.
You block the troll's attack. The troll barely misses you. x2
The troll bites you but does no damage. The troll misses you.
The troll claws you but does no damage.
You feel very sick. You block Sonja's attack. Sonja barely misses you. x2
Sonja hits you but does no damage. Sonja closely misses you. x2
You block the troll's attack. The troll claws you but does no damage.
You block the troll's attack.
You slash Sonja! Your headbutt misses Sonja.
Sonja is moderately wounded.
You hit the troll.
You feel sick. Sonja hits you but does no damage.
Sonja hits you with a +1 short sword of venom.
* * * LOW HITPOINT WARNING * * *
You block Sonja's attack. The troll bites you but does no damage.
The troll claws you.
* * * LOW HITPOINT WARNING * * *
The troll completely misses you.
Sonja hits you with a +1 short sword of venom.
* * * LOW HITPOINT WARNING * * *
Sonja closely misses you. x2
You closely miss Sonja.
Sonja is moderately wounded.
You hit the troll.
* * * LOW HITPOINT WARNING * * *
You feel sick. The troll bites you!
You die...

...........# ##..##...
...........#######..#...
...[...........)........
..........>#########.^..
...........# #....
...........#### #....
....##..#...... .....
#### ##K..##### #.#
#@T.# .# #...# #...#
#...# #..$## .....#
#.....## #...### #....


You could see a troll and Sonja.

Vanquished Creatures
  A two-headed ogre (D:10)
  Pikel (D:5)
  Maurice (D:8)
  A komodo dragon (D:8)
  A troll (D:7)
  Prince Ribbit (D:8)
  Sigmund (D:3)
  9 yaks (D:9)
  A wyvern (D:8)
  3 basilisks (D:8)
  Eustachio (D:5)
  A wraith (D:9)
  4 vampire mosquitoes (D:10)
  Menkaure (D:5)
  A steam dragon (D:8)
  A water moccasin (D:5)
  A swamp drake (D:8)
  An orc warrior (D:9)
  3 ice beasts
  4 black bears
  3 ogres
  6 centaurs
  A lemure (D:5)
  2 gnoll sergeants
  2 bullfrogs (D:7)
  12 scorpions
  4 wights (D:9)
  2 necrophages
  3 howler monkeys
  A centaur zombie (Ossuary)
  A gnoll bouda (D:5)
  4 human zombies (Ossuary)
  2 jellies
  4 orc priests
  9 hounds
  Natasha (thrice) (D:3)
  5 iguanas
  2 orc wizards
  6 scorpion zombies (Ossuary)
  3 mummies (Ossuary)
  22 gnolls
  14 adders
  2 white imps
  3 worms
  3 dart slugs (D:1)
  19 orcs
  4 bats
  3 endoplasms
  4 giant cockroaches
  2 gnoll zombies (Ossuary)
  6 goblins
  4 hobgoblins
  7 jackals
  7 kobolds
  3 quokkas
  9 ball pythons
  2 frilled lizards
  A goblin zombie (Ossuary)
  2 hobgoblin zombies (Ossuary)
  2 orc zombies (Ossuary)
  3 rats
235 creatures vanquished.

Notes
Turn   | Place    | Note
-------+----------+-------------------------------------------
     0 | D:1      | bmack86 the Minotaur Fighter began the quest for the Orb.
     0 | D:1      | Reached XP level 1. HP: 19/19 MP: 0/0
   138 | D:1      | Reached XP level 2. HP: 27/27 MP: 1/1
   211 | D:1      | Reached skill level 3 in Axes
   824 | D:2      | Found Kesher Kyqaa's Jewellery Shop.
   899 | D:2      | Reached XP level 3. HP: 31/33 MP: 2/2
  1497 | D:3      | Found a faded altar of an unknown god.
  1569 | D:3      | Reached XP level 4. HP: 27/40 MP: 3/3
  1716 | D:3      | Found a shadowy altar of Dithmenos.
  1737 | D:3      | Reached skill level 4 in Axes
  1746 | D:3      | Noticed Natasha
  1753 | D:3      | Killed Natasha
  1763 | D:3      | Noticed Sigmund
  1773 | D:3      | Killed Sigmund
  1774 | D:3      | Reached skill level 5 in Axes
  1774 | D:3      | Reached skill level 1 in Throwing
  1774 | D:3      | Reached XP level 5. HP: 41/47 MP: 4/4
  1774 | D:3      | Reached XP level 6. HP: 49/55 MP: 5/5
  1783 | D:3      | Noticed Natasha
  1793 | D:3      | Killed Natasha
  2273 | D:3      | Found a transporter.
  2273 | D:3      | Noticed tarna41's ghost (amateur SpCj)
  2275 | D:3      | Identified the +9 great mace of Lust {freeze, *Noise rPois
                  | rN+++}
  2281 | D:3      | Found a transporter.
  2335 | D:3      | Noticed Natasha
  2340 | D:3      | Killed Natasha
  2341 | D:3      | Reached skill level 5 in Fighting
  2472 | D:4      | Reached skill level 5 in Armour
  2522 | D:4      | Reached skill level 5 in Shields
  3049 | D:5      | Entered Level 5 of the Dungeon
  3049 | D:5      | Noticed Menkaure
  3057 | D:5      | Killed Menkaure
  3058 | D:5      | Reached skill level 6 in Axes
  3058 | D:5      | Reached XP level 7. HP: 17/61 MP: 6/6
  3506 | D:5      | Noticed Eustachio
  3530 | D:5      | Reached skill level 7 in Axes
  3530 | D:5      | Reached XP level 8. HP: 60/70 MP: 7/7
  3531 | D:5      | Noticed Pikel
  3546 | D:5      | Killed Pikel
  3547 | D:5      | Reached skill level 8 in Axes
  3549 | D:5      | Killed Eustachio
  3770 | D:5      | Reached XP level 9. HP: 78/78 MP: 8/8
  3806 | D:5      | Identified the +0 long sword "Etwycvub" {heavy, rElec Str-2
                  | Dex+2 Stlth+}
  3817 | D:5      | Reached skill level 9 in Axes
  4483 | D:6      | Found a shimmering altar of Xom.
  4610 | D:6      | Found an iron altar of Okawaru.
  4637 | D:6      | Became a worshipper of Warmaster Okawaru
  5159 | D:7      | Reached skill level 5 in Throwing
  5159 | D:7      | Reached skill level 1 in Invocations
  5260 | D:7      | Found a staircase to the Ecumenical Temple.
  5288 | Temple   | Entered the Ecumenical Temple
  5370 | D:7      | Reached skill level 10 in Axes
  5374 | D:7      | Identified the +9 mace of Vuvewuan {heavy, rN+}
  5652 | D:7      | Noticed a troll
  5660 | D:7      | Killed a troll
  5660 | D:7      | Reached * piety under Okawaru
  6042 | D:8      | Noticed Maurice
  6060 | D:8      | Paralysed by Maurice for 5 turns
  6066 | D:8      | Killed Maurice
  6066 | D:8      | Reached ** piety under Okawaru
  6067 | D:8      | Reached XP level 10. HP: 51/88 MP: 10/10
  6248 | D:8      | Found a sand-covered staircase.
  6271 | Ossuary  | Entered an ossuary
  6945 | D:8      | Noticed Prince Ribbit
  6956 | D:8      | Killed Prince Ribbit
  6956 | D:8      | Reached *** piety under Okawaru
  7217 | D:8      | Reached skill level 11 in Axes
  7454 | D:8      | Identified the +6 scale mail "Zeistenk" {rF- Str+7}
  7501 | D:8      | Found a staircase to the Lair.
  7860 | D:9      | Reached **** piety under Okawaru
  8081 | D:9      | Received a gift from Okawaru
  8082 | D:9      | Reached XP level 11. HP: 83/97 MP: 12/12
  8598 | D:10     | Entered Level 10 of the Dungeon
  8662 | D:10     | Noticed a two-headed ogre
  8665 | D:10     | Found a staircase to the Orcish Mines.
  8674 | D:10     | Killed a two-headed ogre
  8675 | D:10     | Reached skill level 12 in Axes
  8687 | D:10     | Reached ***** piety under Okawaru
  8704 | D:10     | Noticed Sonja
  8724 | D:10     | HP: 4/97 [poisoned by Sonja (curare-tipped dart)]
  8724 | D:10     | Slain by a troll

Illustrated notes

Levels and vault maps discovered:
D:1:      wander_arrival_desolate, layout_basic
D:2:      layout_basic, serial_shops, nicolae_shop_crystal,
          dreamdust_princess_corridor
D:3:      minmay_chambers_of_twos, layout_basic, grunt_dithmenos_smoke,
          gammafunk_ghost_smash, nicolae_ecumenical_pavilion,
          hangedman_decor_opposing, kennysheep_generic_room_2, uniq_natasha,
          uniq_sigmund
D:4:      layout_loops_ring
D:5:      minmay_bubble_buster, layout_cave_pools, kennysheep_generic_room_6,
          uniq_menkaure, uniq_pikel, uniq_eustachio, uniq_crazy_yiuf_cottage
D:6:      layout_loops_cross, tgw_xom, okawaru_trees_2
D:7:      layout_cave_pods, minmay_temple_entry_proselytizer
D:8:      black_bear_nest_1, layout_basic, erik_lair_dragon, enter_ossuary_1,
          uniq_prince_ribbit1, uniq_maurice
D:9:      layout_small_grid
D:10:     minmay_wavy_crystal, layout_basic,
          ploomutoo_gammafunk_ghost_potion_laboratory, uniq_sonja
Temple:   compressed_dpeg_triangle_lava_temple

Skill      XL: |  1  2  3  4  5  6  7  8  9 10 11 |
---------------+----------------------------------+-----
Axes           | 3 5 6 7 8 10 11 12 | 12.1
Armour         | 4 5 6 8 9 |  9.3
Shields        | 4 5 6 7 8 9 |  9.2
Fighting       | 4 5 6 8 9 |  9.3
Throwing       | 1 2 3 4 5 6 |  6.6
Invocations    | 2 3 4 |  4.3

Action                     |  1- 3 |  4- 6 |  7- 9 | 10-12 || total
---------------------------+-------+-------+-------+-------++-------
  Melee: War axe           |    63 |   105 |    99 |       ||   267
         Headbutt          |     7 |    11 |    34 |    63 ||   115
         Hand axe          |       |       |   150 |   280 ||   430
  Throw: Boomerang         |       |     6 |     3 |       ||     9
 Invoke: Heroism           |       |       |       |     1 ||     1
    Use: Scroll            |     3 |     6 |    11 |     4 ||    24
         Potion            |       |       |     1 |     2 ||     3
 Armour: Scale mail        |    33 |    30 |       |    61 ||   124
         Chain mail        |       |    15 |   227 |    87 ||   329
  Dodge: Dodged            |    28 |    49 |   132 |   172 ||   381
  Block: Buckler           |    14 |    19 |    72 |   106 ||   211

Table legend: (Time is in decaauts)
 A = Elapsed time spent in this place.
 B = Non-inter-level travel time spent in this place.
 C = Inter-level travel time spent in this place.
 D = Time resting spent in this place.
 E = Time spent auto-exploring this place.
 F = Levels seen in this place.
 G = Mean time per level.
                   A        B        C        D        E       F      G
               +--------+--------+--------+--------+--------+-----+--------+
         Total |   8721 |   8491 |    230 |    383 |   5116 |  12 |  726.8 |
       Dungeon |   8340 |   8110 |    230 |    366 |   5114 |  10 |  834.0 |
        Temple |      1 |      1 |      0 |      0 |      0 |   1 |    1.0 |
       Ossuary |    380 |    380 |      0 |     17 |      2 |   1 |  380.0 |
               +--------+--------+--------+--------+--------+-----+--------+

Top non-repeatable levels by time:
     D:8: 1376 daAuts
     D:6: 981 daAuts
     D:3: 962 daAuts
     D:7: 943 daAuts
     D:5: 916 daAuts
     D:2: 854 daAuts
     D:4: 771 daAuts
     D:9: 749 daAuts
     D:1: 663 daAuts
 Ossuary: 380 daAuts
    D:10: 121 daAuts
  Temple: 1 daAuts
